 Dungeon Crawl Stone Soup version 0.23.0-33-g5e6c059 (webtiles) character file.

Game seed: 4642652745698871087

77 Kairos the Shield-Bearer (level 4, 0/24 HPs)
             Began as a Vine Stalker Fighter on Feb 26, 2019.
             Slain by an orc wizard
             ... wielding a +0 dagger
              (2 damage)
             ... on level 3 of the Dungeon.
             The game lasted 00:02:00 (1900 turns).

Kairos the Shield-Bearer (Vine Stalker Fighter)     Turns: 1900, Time: 00:02:00

Health: 0/24       AC:  6    Str: 19    XL:     4   Next: 33%
Magic:  0/5        EV:  7    Int:  8    God:
Gold:   111        SH:  9    Dex: 14    Spells: 3/3 levels left

rFire    . . .     SeeInvis .   a - +0 war axe
rCold    . . .     Gourm    .   c - +0 shield
rNeg     . . .     Faith    .   b - +0 scale mail
rPois    .         Spirit   +   (no helmet)
rElec    .         Reflect  .   (no cloak)
rCorr    .         Harm     .   (no gloves)
MR       +....                  (no boots)
Stlth    ..........             (no amulet)
HPRegen  0.48/turn              h - ring of protection from magic
MPRegen  0.09/turn              (no ring)

@: no status effects
A: fangs 2, regeneration 1, magic shield, antimagic bite, no potion heal 3, rot
immunity
a: no special abilities


You were on level 3 of the Dungeon.
You were not hungry.

You visited 1 branch of the dungeon, and saw 3 of its levels.

You collected 111 gold pieces.

Inventory:

Hand Weapons
 a - a +0 war axe (weapon)
 g - a -1 whip
Armour
 b - a +0 scale mail (worn)
 c - a +0 shield (worn)
Jewellery
 h - a ring of protection from magic (left hand)
Scrolls
 e - 5 scrolls of remove curse
 j - 4 scrolls of teleportation
 k - a scroll of fog
 l - a scroll of blinking
 m - a scroll of immolation {unknown}
 n - a scroll of enchant armour {unknown}
 o - a scroll of amnesia {unknown}
 q - a scroll of noise {unknown}
Potions
 d - a potion of might
 r - 2 potions of curing
Comestibles
 f - 5 rations
 i - 3 chunks of flesh


   Skills:
 + Level 3.0 Fighting
 + Level 2.6 Axes
 + Level 0.1(1.5) Maces & Flails
 + Level 3.0 Armour
 + Level 0.4 Dodging
 + Level 3.1 Shields


You had 3 spell levels left.
You didn't know any spells.
Your spell library was empty.

Dungeon Overview and Level Annotations

Branches:
Dungeon (3/15)

Altars:


Innate Abilities, Weirdness & Mutations

You have extremely sharp teeth.
Your natural rate of healing is unusually fast.
When hurt, damage is shared between your health and your magic reserves.
Your bite disrupts and absorbs the magic of your enemies.
Potions cannot restore your health.
You are immune to rotting.


Message History

Something hits you but does no damage.
The frilled lizard hisses angrily.
The bat hits you but does no damage. You block the bat's attack.
Something hits you but does no damage.
You hear some strange, mumbled words.
A magic dart appears from out of thin air!
The magic dart hits you.
* * * LOW HITPOINT WARNING * * *
Items here: ( ))) † a +0 blowgun; a curare-tipped needle; a +0 hand axe; a +0 club; an orc corpse Your shield and scale mail prevent you from hitting something.
You hit the bat.
You kill the bat!
You barely miss something.
You hear some strange, mumbled words.
A puff of flame appears from out of thin air!
The puff of flame hits you.
* * * LOW HITPOINT WARNING * * *
Something hits you.
You die...

..### #.. . #...
#....##.# . . ...
.....#.# #.#. ##..
.....# #...##[.. #.#.##
........######## ##...##
....#.......##.# #......
......†>.......###.#.#..
.......@....##.##..#.#.÷
.......†{...##.#...#.#..
......##...###.......##.
....l. #...###...>......
..?.. #..#..............
.....#...#...........#..
.............##.....##..
.#....###....####...###.
##..# ....###


You could see a frilled lizard.

Vanquished Creatures
  An adder (D:3)
  A worm (D:2)
  3 dart slugs
  4 leopard geckos
  4 orcs (D:3)
  A giant cockroach (D:1)
  5 goblins
  8 hobgoblins
  3 jackals (D:2)
  A quokka (D:3)
  A ball python (D:1)
  5 bats
  3 frilled lizards
  3 kobolds
  4 rats
47 creatures vanquished.

Notes
Turn   | Place    | Note
-------+----------+-------------------------------------------
     0 | D:1      | Kairos the Vine Stalker Fighter began the quest for the
                  | Orb.
     0 | D:1      | Reached XP level 1. HP: 11/11 MP: 2/2
    76 | D:1      | Reached XP level 2. HP: 5/16 MP: 1/3
   727 | D:1      | Reached XP level 3. HP: 17/20 MP: 4/4
  1891 | D:3      | Gained mutation: Your natural rate of healing is unusually
                  | fast. [Vine Stalker growth]
  1891 | D:3      | Reached XP level 4. HP: 14/24 MP: 3/5
  1900 | D:3      | Slain by an orc wizard

Skill      XL: |  1  2  3 |
---------------+----------+-----
Fighting       | 3 |  3.0
Shields        | 3 |  3.1
Axes           | 2 |  2.6
Armour         | 3 |  3.0
Maces & Flails | |  0.1
Dodging        | |  0.4

Action                   |  1- 3 |  4- 6 || total
-------------------------+-------+-------++-------
Melee: War axe           |    89 |     8 ||    97
       Bite              |    35 |     1 ||    36
       Whip              |     7 |       ||     7
  Use: Scroll            |     5 |       ||     5
  Eat: Chunk             |     3 |       ||     3
Armor: Scale mail        |    45 |     9 ||    54
Dodge: Dodged            |    34 |     5 ||    39
Block: Shield            |    39 |     7 ||    46
